 Dungeon Crawl Stone Soup version 0.20.1-1-g8b1a95d (webtiles) character file.

340 Mesmaeker13 the Bolt Thrower (level 6, 0/49 HPs)
             Began as a Human Hunter on July 20, 2017.
             Slain by a worker ant (6 damage)
             ... on level 4 of the Dungeon.
             The game lasted 00:09:37 (3757 turns).

Mesmaeker13 the Bolt Thrower (Human Hunter)         Turns: 3757, Time: 00:09:37

Health: 0/49       AC:  5    Str: 10    XL:     6   Next: 86%
Magic:  6/6        EV: 13    Int: 12    God:
Gold:   133        SH:  4    Dex: 15    Spells: 5/5 levels left

rFire    . . .     SeeInvis .   a - +1 hand crossbow
rCold    . . .     Gourm    .   q - +0 buckler
rNeg     . . .     Faith    .   c - +0 leather armour
rPois    .         Spirit   .   j - +0 helmet
rElec    .         Reflect  .   (no cloak)
rCorr    .         Harm     .   (no gloves)
MR       .....                  (no boots)
Stlth    ++........             (no amulet)
Regen    0.2/turn               (no ring)
MPRegen  0.1/turn               (no ring)

@: no status effects
A: rugged brown scales 1, weak 1
a: no special abilities


You were on level 4 of the Dungeon.
You were not hungry.

You visited 1 branch of the dungeon, and saw 4 of its levels.

You collected 133 gold pieces.

Inventory:

Hand Weapons
 a - a +1 hand crossbow (weapon)
 b - a +0 short sword
Missiles
 d - 54 bolts (quivered)
 k - 5 curare-tipped needles
Armour
 c - a +0 leather armour (worn)
 g - a +0 pair of boots
 j - a +0 helmet (worn)
 q - a +0 buckler (worn)
Wands
 m - a wand of confusion (19/48)
Scrolls
 e - a scroll of identify
 h - 2 scrolls of magic mapping
Comestibles
 f - 2 bread rations
 l - a meat ration


   Skills:
 + Level 3.8 Fighting
 + Level 5.2 Crossbows
 + Level 4.0 Dodging
 - Level 1.0 Stealth
 + Level 2.2 Shields


You had 5 spell levels left.
You didn't know any spells.

Dungeon Overview and Level Annotations

Branches:
Dungeon (4/15)
 Temple: D:4-7

Altars:
Sif Muna
Trog


Innate Abilities, Weirdness & Mutations

You are partially covered in rugged brown scales. (AC +1, +3% HP)
You are weak. (Str -2)


Message History

You feel sick.
You feel sick.
You feel sick.
You feel sick. The worker ant closely misses you.
You feel sick.
You feel sick. The worker ant closely misses you.
You feel sick.
You feel sick.
You feel sick. The worker ant closely misses you.
You feel sick. You block the worker ant's attack.
You feel sick. The worker ant closely misses you.
You feel sick.
You feel sick.
You are no longer poisoned.
The worker ant bites you.
You die...

#.#############.##
#.# #.# #.## #.##
##..##### #..#
#.......#########..
#..................
#.Z#############.##
#.a# #.#. #.@# #Z#.
#..# #.#Z #..####.#
#.####.##
####.......#
#........
##.....######
#########
#..##....... ....
##.###.###### .###
#..# #.# ###.## #.#


You could see a worker ant and an adder skeleton.

Vanquished Creatures
  A jelly (D:4)
  An orc wizard (D:3)
  A hound (D:4)
  Natasha (thrice) (D:3)
  A worker ant (D:4)
  4 adders
  An ooze (D:1)
  3 worms
  A dart slug (D:2)
  2 leopard geckos
  4 orcs (D:3)
  2 ball pythons
  5 giant cockroaches
  6 goblins
  12 hobgoblins
  12 jackals
  3 quokkas (D:3)
  10 bats
  6 frilled lizards
  12 kobolds
  5 rats
95 creatures vanquished.

Vanquished Creatures (others)
  An adder (D:2)
  A frilled lizard (D:2)
2 creatures vanquished.

Grand Total: 97 creatures vanquished

Notes
Turn   | Place    | Note
-------+----------+-------------------------------------------
     0 | D:1      | Mesmaeker13 the Human Hunter began the quest for the Orb.
     0 | D:1      | Reached XP level 1. HP: 16/16 MP: 1/1
    43 | D:1      | Reached XP level 2. HP: 15/22 MP: 2/2
   421 | D:1      | Reached XP level 3. HP: 27/28 MP: 3/3
  1556 | D:2      | Reached XP level 4. HP: 34/34 MP: 4/4
  2112 | D:2      | Reached XP level 5. HP: 35/41 MP: 5/5
  2492 | D:3      | Gained mutation: You are weak. (Str -2) [potion of mutation]
  2492 | D:3      | Gained mutation: You are partially covered in rugged brown scales. (AC +1, +3% HP) [potion of mutation]
  2757 | D:3      | Reached skill level 1 in Shields
  2854 | D:3      | Noticed Natasha
  2869 | D:3      | Killed Natasha
  3059 | D:3      | Found a bloodstained altar of Trog.
  3117 | D:3      | Noticed Natasha
  3119 | D:3      | Killed Natasha
  3119 | D:3      | Reached XP level 6. HP: 42/48 MP: 6/6
  3125 | D:3      | Noticed Natasha
  3133 | D:3      | Killed Natasha
  3138 | D:3      | Reached skill level 5 in Crossbows
  3348 | D:3      | Found a deep blue altar of Sif Muna.
  3757 | D:4      | Slain by a worker ant

Skill      XL: |  1  2  3  4  5  6 |
---------------+-------------------+-----
Dodging        | 3 4 |  4.0
Fighting       | 3 |  3.8
Shields        | 1 2 |  2.2
Crossbows      | 5 |  5.2
Stealth        | |  1.0

Action                   |  1- 3 |  4- 6 || total
-------------------------+-------+-------++-------
Melee: Short sword       |   107 |   213 ||   320
 Fire: Hand crossbow     |    17 |   103 ||   120
  Use: Potion            |       |     7 ||     7
       Scroll            |       |     6 ||     6
  Eat: Chunk             |     2 |     7 ||     9
Armor: Leather armour    |    29 |    76 ||   105
       Skin              |       |    57 ||    57
Dodge: Dodged            |    89 |   225 ||   314
Block: Buckler           |       |    47 ||    47
